 Dungeon Crawl Stone Soup version 0.20.0-10-g0535bb4 (webtiles) character file.

1459 Kriby the Cleaver (level 8, -1/66 HPs)
             Began as a Hill Orc Fighter on June 3, 2017.
             Was a Follower of Hepliaklqana.
             Slain by an orc warrior
             ... wielding a +2 dire flail of venom
              (8 damage)
             ... on level 6 of the Dungeon.
             The game lasted 00:09:00 (7459 turns).

Kriby the Cleaver (Hill Orc Fighter)                Turns: 7459, Time: 00:09:00

Health: -1/66      AC:  9    Str: 26    XL:     8   Next: 76%
Magic:  8/8        EV: 10    Int:  8    God:    Hepliaklqana [*.....]
Gold:   335        SH:  0    Dex: 10    Spells: 7/7 levels left

rFire    . . .     SeeInvis .   G - +0 battleaxe
rCold    + . .     Gourm    .   (shield currently unavailable)
rNeg     + . .     Faith    .   b - +0 scale mail
rPois    .         Spirit   .   i - +1 helmet
rElec    .         Reflect  .   (no cloak)
rCorr    .         Harm     .   (no gloves)
MR       .....                  (no boots)
Stlth    ..........             (no amulet)
Regen    0.3/turn               v - ring of protection from cold
MPRegen  0.2/turn               E - ring of positive energy

@: mighty, lethally poisoned (-1 -> -11)
A: reduced essence
a: Recall Ancestor, Ancestor Identity, Renounce Religion


You were on level 6 of the Dungeon.
You worshipped Hepliaklqana.
Hepliaklqana was aware of your devotion.
You were near starving.

You visited 2 branches of the dungeon, and saw 7 of its levels.

You collected 335 gold pieces.

Inventory:

Hand Weapons
 a - a +0 war axe
 D - a cursed -3 flail
 G - a +0 battleaxe (weapon)
Armour
 b - a +0 scale mail (worn)
 i - a +1 helmet (worn)
Jewellery
 v - a ring of protection from cold (left hand)
 E - a ring of positive energy (right hand)
Wands
 q - a wand of acid (4/15)
 z - a wand of iceblast (6/15)
Scrolls
 e - a scroll of fear {unknown}
 l - 2 scrolls of fog {unknown}
 m - 3 scrolls of remove curse {unknown}
 n - 3 scrolls of blinking {unknown}
 o - 2 scrolls of immolation {unknown}
 p - a scroll of teleportation {unknown}
 r - 2 scrolls of identify
 s - a scroll of enchant weapon {unknown}
 t - a scroll of magic mapping {unknown}
 w - 3 scrolls of amnesia {unknown}
 A - a scroll of recharging {unknown}
Potions
 g - 3 potions of lignification
 h - a potion of flight {unknown}
 k - a potion of resistance {unknown}
 x - 2 potions of curing {unknown}
 B - 2 potions of agility {unknown}
 C - a potion of heal wounds {unknown}
 F - a potion of cancellation {unknown}
Books
 y - a book of Misfortune

   Spells                             Type                      Level
   a - Confusing Touch                Hexes                        1
   b - Confuse                        Hexes                        3
   c - Gell's Gravitas                Translocation                3
   d - Petrify                        Transmutation/Earth          4
   e - Metabolic Englaciation         Hexes/Ice                    5
   f - Yara's Violent Unravelling     Hexes/Transmutation          5
Comestibles
 f - 2 bread rations
 j - 5 meat rations
 u - 9 fruits


   Skills:
 + Level 7.9 Fighting
 * Level 10.8 Axes
 - Level 4.2 Armour
   Level 4.0 Shields


You had 7 spell levels left.
You didn't know any spells.

Dungeon Overview and Level Annotations

Branches:
Dungeon (6/15)             Temple (1/1) D:5

Altars:
Ashenzari
Cheibriados
Dithmenos
Elyvilon
Fedhas
Gozag
Hepliaklqana
Kikubaaqudgha
Makhleb
Nemelex Xobeh
Okawaru
Qazlal
Ru
Sif Muna
Trog
Uskayaw
Vehumet
Xom
Yredelemnul
Zin
The Shining One

Shops:
D:5 *(?:   D:6 :


Message History

You barely miss the orc warrior.
The orc warrior is heavily wounded.
You feel sick. The orc warrior misses you.
Achara hits the orc warrior but does no damage.
The orc warrior hits you with a dire flail of venom!
* * * LOW HITPOINT WARNING * * *
You are lethally poisoned!
You barely miss the orc warrior.
The orc warrior is heavily wounded.
* * * LOW HITPOINT WARNING * * *
You feel sick.
Achara closely misses the orc warrior.
The gnoll hits Achara with a club.
The orc warrior barely misses you.
You barely miss the orc warrior.
The orc warrior is heavily wounded.
* * * LOW HITPOINT WARNING * * *
You feel sick.
Achara hits the gnoll but does no damage.
The gnoll hits Achara with a club!
The orc warrior hits you with a dire flail of venom!
You die...

##...PgPP.# #.........#
#.$.PPPgP.######.#######.###
#g#.PP_PP.##.....#######...#
g.#..PPg(.##...........###.#
.##..oPPP(##.....#####.# #.#
......#..............>.# #.#
###.......(..........#!# #.#
#.####.#############!###.#
#.# #.# #...%@oRgo..#...# #.
#.# #.###########.###.# ..#
#########.....# ..
###....$....#......
#...........#.#####
#....<......# #
#...!.......# #.............
#.......∩...###


You could see the friendly Achara the ancestor, an orc warrior, an orc wizard
and a gnoll.

Vanquished Creatures
  An ogre (D:5)
  2 centaurs
  A gnoll sergeant (D:3)
  A crimson imp (D:5)
  A jelly (D:2)
  A bullfrog zombie (D:6)
  2 hounds
  3 orc priests
  4 gnoll shamans (D:3)
  An iguana (D:4)
  A worker ant (D:4)
  A hound skeleton (D:4)
  A hound zombie (D:5)
  A worker ant zombie (D:6)
  8 adders
  31 gnolls
  A shadow imp (D:6)
  11 oozes
  2 adder zombies
  5 worms
  2 leopard geckos
  8 orcs
  A bat (D:2)
  5 giant cockroaches
  8 goblins
  8 hobgoblins
  30 jackals
  4 quokkas
  7 frilled lizards
  A jackal skeleton (D:4)
  18 kobolds
  A leopard gecko skeleton (D:5)
  10 rats
  A bush (D:6)
183 creatures vanquished.

Vanquished Creatures (collateral kills)
  A centaur skeleton (D:5)
  A hound (D:6)
  A worker ant (D:6)
  A hound skeleton (D:5)
  An adder (D:6)
  A leopard gecko (D:6)
  3 orcs (D:6)
  A jackal (D:5)
10 creatures vanquished.

Vanquished Creatures (others)
  A centaur (D:4)
  A hound (D:4)
  An iguana (D:4)
  2 worker ants (D:4)
  An ancestor (D:6)
  A worm (D:4)
  A leopard gecko (D:4)
  A fungus (D:2)
  11 toadstools (D:2)
20 creatures vanquished.

Grand Total: 213 creatures vanquished

Notes
Turn   | Place    | Note
-------+----------+-------------------------------------------
     0 | D:1      | Kriby the Hill Orc Fighter began the quest for the Orb.
     0 | D:1      | Reached XP level 1. HP: 19/19 MP: 1/1
   117 | D:1      | Reached skill level 3 in Axes
   219 | D:1      | Reached XP level 2. HP: 27/27 MP: 2/2
   961 | D:1      | Reached XP level 3. HP: 33/33 MP: 3/3
  1446 | D:2      | Reached skill level 4 in Axes
  1477 | D:2      | Reached XP level 4. HP: 23/40 MP: 4/4
  1670 | D:2      | Found a faded altar of an unknown god.
  1808 | D:2      | Reached XP level 5. HP: 13/47 MP: 5/5
  2155 | D:3      | Reached skill level 5 in Axes
  2616 | D:3      | Reached skill level 5 in Fighting
  2864 | D:3      | Found a deep blue altar of Sif Muna.
  2941 | D:3      | Reached XP level 6. HP: 46/56 MP: 6/6
  3336 | D:3      | Reached skill level 6 in Axes
  3849 | D:3      | Reached skill level 7 in Axes
  3849 | D:3      | Reached XP level 7. HP: 24/62 MP: 7/7
  4592 | D:3      | Reached skill level 8 in Axes
  4915 | D:4      | Found a shimmering altar of Xom.
  5217 | D:4      | Reached XP level 8. HP: 65/71 MP: 8/8
  5452 | D:4      | Reached skill level 9 in Axes
  5692 | D:5      | Entered Level 5 of the Dungeon
  5776 | D:5      | Found a staircase to the Ecumenical Temple.
  5813 | Temple   | Entered the Ecumenical Temple
  5950 | Temple   | Became a worshipper of Hepliaklqana the Forgotten
  6137 | D:5      | Found Weniosos's Antique Weapon Shop.
  6202 | D:5      | Found Vydis's Assorted Antiques.
  6277 | D:5      | Found a glowing golden altar of the Shining One.
  6415 | D:5      | Reached * piety under Hepliaklqana
  6418 | D:5      | Found a sacrificial altar of Ru.
  6446 | D:5      | Reached skill level 10 in Axes
  6602 | D:5      | Found Pusiz's Magic Scroll Shop.
  6659 | D:5      | Found Usexo's Book Shop.
  7292 | D:6      | Found Weti's Book Emporium.
  7337 | D:6      | Found a blossoming altar of Fedhas.
  7459 | D:6      | Slain by an orc warrior

Skill      XL: |  1  2  3  4  5  6  7  8 |
---------------+-------------------------+-----
Axes           | 3 4 5 7 8 10 | 10.8
Fighting       | 4 5 6 7 |  7.9
Armour         | 4 |  4.2
Shields        | 4 |  4.0

Action                   |  1- 3 |  4- 6 |  7- 9 || total
-------------------------+-------+-------+-------++-------
Melee: War axe           |   110 |   218 |   287 ||   615
       Battleaxe         |       |       |     4 ||     4
Invok: Ancestor Identity |       |       |     1 ||     1
Evoke: Wand              |       |     1 |     2 ||     3
  Use: Scroll            |       |     1 |       ||     1
       Potion            |       |       |     3 ||     3
  Eat: Chunk             |     1 |     8 |    11 ||    20
Armor: Scale mail        |    48 |   127 |   113 ||   288
       Skin              |       |       |     2 ||     2
Dodge: Dodged            |    34 |    99 |    75 ||   208
Block: Shield            |    60 |   149 |   148 ||   357
